[Event "19th IPCA WCC 2019"]
[Site "Ruzomberok"]
[Date "2019.06.29"]
[Round "2.4"]
[White "Nowak, Lukasz"]
[Black "Lipilin, Ilia"]
[Result "1-0"]
[ECO "D20"]
[WhiteElo "2267"]
[BlackElo "2084"]
[Annotator "NA"]
[PlyCount "69"]
[EventDate "2019.06.28"]
[EventType "swiss"]
[EventCountry "SVK"]
[SourceTitle "playchess.com"]
[Source "ChessBase"]
[SourceQuality "1"]
[TimeControl "5400+30"]

1. d4 d5 2. c4 dxc4 3. e4 Nc6 4. Nf3 Bg4 5. d5 Ne5 6. Bf4 Ng6 7. Be3 e6 8. Qa4+ Qd7 9. Qxd7+ Kxd7 10. Bxc4 Bb4+ 11. Nc3 Bxf3 12. gxf3 e5 13. O-O-O Nf6 14. h4 Nh5 15. Ne2 a6 16. Rdg1 Be7 17. Ng3 Ngf4 18. Bf1 g6 19. Kb1 Bb4 20. Bh3+ Ke7 21. Bg4 Nf6 22. Bxf4 exf4 23. Ne2 Bd6 24. Nc1 Be5 25. Nd3 Kd6 26. Rc1 Ne8 27. h5 g5 28. h6 Bd4 29. Rhd1 Rd8 30. Rc2 Be5 31. Nc5 Rb8 32. Rd3 a5 33. Rb3 b6 34. Nd7 a4 35. Rd3 1-0

[Event "19th IPCA WCC 2019"]
[Site "Ruzomberok"]
[Date "2019.06.29"]
[Round "2.5"]
[White "Tebenkov, Vladislav"]
[Black "Babula, Milan"]
[Result "1/2-1/2"]
[ECO "C03"]
[WhiteElo "2096"]
[BlackElo "2220"]
[Annotator "NA"]
[PlyCount "71"]
[EventDate "2019.06.28"]
[EventType "swiss"]
[EventCountry "SVK"]
[SourceTitle "playchess.com"]
[Source "ChessBase"]
[SourceQuality "1"]
[TimeControl "5400+30"]

1. e4 e6 2. d4 d5 3. Nd2 a6 4. Ngf3 c5 5. exd5 exd5 6. dxc5 Bxc5 7. Nb3 Bb6 8. Bg5 Ne7 9. Bd3 Nbc6 10. O-O Qd6 11. Re1 O-O 12. c3 Ng6 13. Nbd4 Bg4 14. Qd2 Bc7 15. Nf5 Qd7 16. N3d4 Nxd4 17. Nxd4 Qd6 18. g3 h6 19. Bxg6 Qxg6 20. Bf4 Bb6 21. Re7 Rfe8 22. Rae1 Rxe7 23. Rxe7 Bxd4 24. cxd4 Bf3 25. Qc3 Qh5 26. Re3 Bg4 27. Qe1 Qg6 28. Rc3 Qb6 29. Qd2 Re8 30. f3 Bf5 31. Re3 Rxe3 32. Bxe3 Qb5 33. Kf2 Qc4 34. a3 Qb3 35. Qc3 Qd1 36. Qc1 1/2-1/2

[Event "19th IPCA WCC 2019"]
[Site "Ruzomberok"]
[Date "2019.06.29"]
[Round "2.6"]
[White "Palin, Denis"]
[Black "Sovetov, Oleksandr"]
[Result "1-0"]
[ECO "D04"]
[WhiteElo "2180"]
[BlackElo "2009"]
[Annotator "NA"]
[PlyCount "89"]
[EventDate "2019.06.28"]
[EventType "swiss"]
[EventCountry "SVK"]
[SourceTitle "playchess.com"]
[Source "ChessBase"]
[SourceQuality "1"]
[TimeControl "5400+30"]

1. d4 d5 2. Nf3 Nf6 3. e3 Bf5 4. Bd3 Bxd3 5. Qxd3 c6 6. Nbd2 Nbd7 7. O-O e6 8. e4 dxe4 9. Nxe4 Nxe4 10. Qxe4 Nf6 11. Qe2 Bd6 12. Ne5 Qc7 13. h3 Nd7 14. Nc4 h6 15. Qg4 g5 16. f4 Nf6 17. Qe2 Bxf4 18. Bxf4 gxf4 19. Ne5 Nd7 20. Nd3 O-O-O 21. Rxf4 Qd6 22. Rxf7 Qxd4+ 23. Qf2 Qd6 24. Qxa7 Rhg8 25. Qa8+ Kc7 26. Qa5+ Kc8 27. Kh1 Rg5 28. Qe1 Rdg8 29. Rf2 e5 30. Rd1 Qg6 31. Qf1 Qh5 32. Re1 Nf6 33. Rxf6 Rxg2 34. Rf8+ Kc7 35. Qf7+ Qxf7 36. Rxf7+ Kb6 37. Rf2 R2g5 38. Nxe5 Rh5 39. Kh2 Kb5 40. Nd7 Rh4 41. Re5+ Ka6 42. Re4 Rxe4 43. Nc5+ Kb6 44. Nxe4 Re8 45. Nf6 1-0

[Event "19th IPCA WCC 2019"]
[Site "Ruzomberok"]
[Date "2019.06.29"]
[Round "2.7"]
[White "Kovacevic, Krsto"]
[Black "Shashikant, Kutwal"]
[Result "1/2-1/2"]
[ECO "B31"]
[WhiteElo "2049"]
[BlackElo "2176"]
[Annotator "NA"]
[PlyCount "76"]
[EventDate "2019.06.28"]
[EventType "swiss"]
[EventCountry "SVK"]
[SourceTitle "playchess.com"]
[Source "ChessBase"]
[SourceQuality "1"]
[TimeControl "5400+30"]

1. e4 c5 2. Nf3 Nc6 3. Bb5 g6 4. Bxc6 bxc6 5. O-O Bg7 6. Re1 Nh6 7. d3 O-O 8. Nc3 Rb8 9. h3 f5 10. e5 Nf7 11. Na4 d6 12. e6 Nh8 13. Re2 h6 14. h4 Qa5 15. b3 Qd8 16. Rb1 Kh7 17. Qe1 Qe8 18. c4 Rf6 19. Bb2 Rf8 20. Bxg7 Kxg7 21. Qc3+ Kh7 22. Rbe1 Rf6 23. Re3 Qg8 24. Ng5+ Kg7 25. f4 Kf8 26. Nf3 Rb7 27. R1e2 Qg7 28. Kf2 Kg8 29. Ke1 Rf8 30. Qxg7+ Kxg7 31. g3 Kf6 32. Kd2 Rg8 33. Re1 Rd8 34. Kc2 Rg8 35. R3e2 Rb8 36. Nc3 Rb7 37. Na4 Rc7 38. Re3 Rb7 1/2-1/2

[Event "19th IPCA WCC 2019"]
[Site "Ruzomberok"]
[Date "2019.06.29"]
[Round "2.8"]
[White "Jurkiewicz, Krzysztof"]
[Black "Tersinsev, Andrey"]
[Result "1-0"]
[ECO "E91"]
[WhiteElo "2007"]
[BlackElo "2164"]
[Annotator "NA"]
[PlyCount "61"]
[EventDate "2019.06.28"]
[EventType "swiss"]
[EventCountry "SVK"]
[SourceTitle "playchess.com"]
[Source "ChessBase"]
[SourceQuality "1"]
[TimeControl "5400+30"]

1. d4 Nf6 2. c4 g6 3. Nc3 Bg7 4. e4 d6 5. Be2 O-O 6. Nf3 c5 7. d5 e6 8. O-O exd5 9. exd5 Re8 10. Bg5 h6 11. Bh4 g5 12. Bg3 Nh5 13. Qc2 Nxg3 14. hxg3 Nd7 15. Rae1 Ne5 16. Nxe5 Rxe5 17. Bd3 Qe7 18. Rxe5 Qxe5 19. Qd1 f5 20. Re1 Qf6 21. Re8+ Bf8 22. Nb5 b6 23. Qe2 Bb7 24. Re6 Qf7 25. Nxd6 Bxd6 26. Rxd6 b5 27. Qe5 Re8 28. Re6 Bc6 29. Bxf5 Bd7 30. Rxe8+ Bxe8 31. Be6 1-0

[Event "19th IPCA WCC 2019"]
[Site "Ruzomberok"]
[Date "2019.06.29"]
[Round "2.9"]
[White "Juvan, Jaka"]
[Black "Zavarsky, Juraj"]
[Result "1-0"]
[ECO "B36"]
[WhiteElo "2168"]
[BlackElo "2000"]
[Annotator "NA"]
[PlyCount "99"]
[EventDate "2019.06.28"]
[EventType "swiss"]
[EventCountry "SVK"]
[SourceTitle "playchess.com"]
[Source "ChessBase"]
[SourceQuality "1"]
[TimeControl "5400+30"]

1. e4 c5 2. Nf3 Nc6 3. d4 cxd4 4. Nxd4 g6 5. c4 Nf6 6. Nc3 d6 7. Be2 Nxd4 8. Qxd4 Bg7 9. Bg5 h6 10. Be3 O-O 11. Qd2 Kh7 12. O-O Be6 13. f4 Rc8 14. b3 Qa5 15. Rad1 a6 16. Bd4 b5 17. cxb5 axb5 18. Bxf6 Bxf6 19. Nxb5 Qb6+ 20. Kh1 Ra8 21. f5 Bd7 22. a4 gxf5 23. exf5 Bc6 24. Qd3 Rac8 25. Bf3 Bxf3 26. Rxf3 Rg8 27. Qd5 Rg7 28. b4 Rc2 29. a5 Qa6 30. g3 Qc8 31. Na3 Rc1 32. b5 Bb2 33. a6 Bxa3 34. Rxa3 Rxd1+ 35. Qxd1 Qc5 36. Qd3 Qc1+ 37. Kg2 Qb2+ 38. Kf3 Qxh2 39. f6+ Rg6 40. fxe7 Qxg3+ 41. Ke2 Qe5+ 42. Kd1 Kg8 43. Qe3 Qd5+ 44. Kc1 Qc4+ 45. Kd1 Qd5+ 46. Rd3 Qh1+ 47. Qe1 Qh5+ 48. Kc1 Qc5+ 49. Rc3 Rg1 50. e8=Q+ 1-0

[Event "19th IPCA WCC 2019"]
[Site "Ruzomberok"]
[Date "2019.06.29"]
[Round "2.10"]
[White "Gedgafov, Chamal"]
[Black "Konkolova, Nikola"]
[Result "1-0"]
[ECO "D43"]
[WhiteElo "2163"]
[BlackElo "1518"]
[Annotator "NA"]
[PlyCount "61"]
[EventDate "2019.06.28"]
[EventType "swiss"]
[EventCountry "SVK"]
[SourceTitle "playchess.com"]
[Source "ChessBase"]
[SourceQuality "1"]
[TimeControl "5400+30"]

1. d4 e6 2. c4 d5 3. Nc3 c6 4. Nf3 Nf6 5. cxd5 cxd5 6. Bg5 h6 7. Bxf6 Qxf6 8. e3 Nc6 9. Bd3 Bb4 10. O-O O-O 11. Rc1 Bd7 12. a3 Bxc3 13. Rxc3 Rac8 14. Qd2 Ne7 15. Ne5 Bc6 16. Rfc1 Ba4 17. Rxc8 Rxc8 18. Rxc8+ Nxc8 19. Qa5 Be8 20. Qc7 Nb6 21. Qxb7 Qd8 22. Qxa7 Nd7 23. Nxd7 Qxd7 24. Qxd7 Bxd7 25. Kf1 Kf8 26. Ke2 Ke7 27. Kd2 Kd6 28. b4 Kc6 29. a4 Kb6 30. a5+ Ka7 31. b5 1-0

[Event "19th IPCA WCC 2019"]
[Site "Ruzomberok"]
[Date "2019.06.29"]
[Round "2.11"]
[White "Kozicz, Andrzej"]
[Black "Mukha, Nikolay"]
[Result "0-1"]
[ECO "B34"]
[WhiteElo "1979"]
[BlackElo "2159"]
[Annotator "NA"]
[PlyCount "76"]
[EventDate "2019.06.28"]
[EventType "swiss"]
[EventCountry "SVK"]
[SourceTitle "playchess.com"]
[Source "ChessBase"]
[SourceQuality "1"]
[TimeControl "5400+30"]

1. e4 c5 2. Nf3 Nc6 3. d4 cxd4 4. Nxd4 Nf6 5. Nc3 e5 6. Ndb5 d6 7. Nd5 Nxd5 8. exd5 Nb8 9. c4 Be7 10. Be2 O-O 11. O-O a6 12. Nc3 f5 13. Kh1 Nd7 14. f4 Bf6 15. Qe1 Re8 16. Qf2 Kh8 17. Rb1 Rb8 18. Bh5 g6 19. Be2 b6 20. Rd1 Qe7 21. Bf1 a5 22. a3 exf4 23. Bxf4 Ne5 24. Nb5 g5 25. Bd2 f4 26. Re1 Bf5 27. Rbc1 Qf8 28. Bc3 Bd7 29. a4 Bxb5 30. axb5 Nd7 31. Qf3 Bxc3 32. Qxc3+ Qg7 33. Qxg7+ Kxg7 34. Kg1 Nc5 35. Kf2 g4 36. h3 h5 37. hxg4 hxg4 38. Rc2 g3+ 0-1

[Event "19th IPCA WCC 2019"]
[Site "Ruzomberok"]
[Date "2019.06.29"]
[Round "2.12"]
[White "Jennitha, Anto K."]
[Black "Zicho, Anton"]
[Result "1-0"]
[ECO "B12"]
[WhiteElo "1972"]
[BlackElo "1662"]
[Annotator "NA"]
[PlyCount "53"]
[EventDate "2019.06.28"]
[EventType "swiss"]
[EventCountry "SVK"]
[SourceTitle "playchess.com"]
[Source "ChessBase"]
[SourceQuality "1"]
[TimeControl "5400+30"]

1. e4 c6 2. d4 d5 3. e5 Bf5 4. Nf3 e6 5. Be2 Bb4+ 6. c3 Ba5 7. O-O h6 8. Nbd2 Bg4 9. Re1 Ne7 10. Nf1 Bh5 11. Ng3 Bg6 12. Nh4 Bh7 13. Nh5 O-O 14. Bd3 Bxd3 15. Qxd3 Nd7 16. Qg3 g6 17. Bxh6 Nf5 18. Nxf5 exf5 19. Nf4 Qe7 20. Bg5 Qe8 21. e6 f6 22. exd7 Qf7 23. Bh6 Rfd8 24. Nxg6 Bc7 25. f4 Kh7 26. Re7 Qxe7 27. Nxe7 1-0

[Event "19th IPCA WCC 2019"]
[Site "Ruzomberok"]
[Date "2019.06.29"]
[Round "2.13"]
[White "Samarth J Rao"]
[Black "Tsapalin, Sergey"]
[Result "1/2-1/2"]
[ECO "B22"]
[WhiteElo "1593"]
[BlackElo "1935"]
[Annotator "NA"]
[PlyCount "105"]
[EventDate "2019.06.28"]
[EventType "swiss"]
[EventCountry "SVK"]
[SourceTitle "playchess.com"]
[Source "ChessBase"]
[SourceQuality "1"]
[TimeControl "5400+30"]

1. e4 c5 2. c3 e5 3. Bc4 Nf6 4. d3 Nc6 5. Nf3 Be7 6. O-O O-O 7. Re1 d6 8. h3 Rb8 9. a4 a6 10. Na3 Bd7 11. d4 cxd4 12. cxd4 exd4 13. Nxd4 Ne5 14. Ba2 Qc8 15. f4 Ng6 16. e5 dxe5 17. fxe5 Ne8 18. e6 fxe6 19. Nxe6 Kh8 20. Nxf8 Bxf8 21. Bd2 Nf6 22. Rc1 Bc6 23. Bg5 Qf5 24. Bxf6 gxf6 25. Qg4 Qxg4 26. hxg4 Nf4 27. Rc2 Nd3 28. Ra1 Nxb2 29. Nc4 Nxa4 30. Na5 Bd7 31. Rc7 Bc5+ 32. Kh1 Bxg4 33. Bb1 Re8 34. Bc2 Bd4 35. Rxh7+ Kg8 36. Rh4 Bxa1 37. Rxg4+ Kf8 38. Rxa4 Re1+ 39. Kh2 Be5+ 40. Kh3 Re3+ 41. Kh4 Re2 42. Bb3 Rxg2 43. Nxb7 Rb2 44. Bd5 Rb5 45. Be4 f5 46. Bf3 Rb3 47. Bg2 Bf6+ 48. Kh5 Rg3 49. Bf1 Kg7 50. Rxa6 Rg5+ 51. Kh4 Rg1+ 52. Kh3 Rxf1 53. Nd6 1/2-1/2

[Event "19th IPCA WCC 2019"]
[Site "Ruzomberok"]
[Date "2019.06.29"]
[Round "2.14"]
[White "Gerasimova, Svetlana"]
[Black "Engel, Katalin"]
[Result "1-0"]
[ECO "C00"]
[WhiteElo "1913"]
[BlackElo "1537"]
[Annotator "NA"]
[PlyCount "87"]
[EventDate "2019.06.28"]
[EventType "swiss"]
[EventCountry "SVK"]
[SourceTitle "playchess.com"]
[Source "ChessBase"]
[SourceQuality "1"]
[TimeControl "5400+30"]

1. e4 e6 2. d3 d5 3. Nd2 c5 4. Ngf3 Nc6 5. g3 Nf6 6. Bg2 Be7 7. O-O O-O 8. e5 Nd7 9. Re1 f6 10. exf6 Rxf6 11. Ng5 Nf8 12. f4 h6 13. Ngf3 b5 14. a4 b4 15. b3 a5 16. Bb2 Rg6 17. Ne5 Nxe5 18. Bxe5 Ra6 19. Qh5 Bf6 20. Nf3 Bxe5 21. Nxe5 Rf6 22. Re2 c4 23. Rae1 Rf5 24. Qf3 Rf6 25. dxc4 Ng6 26. cxd5 Nxe5 27. Rxe5 g5 28. dxe6 Bxe6 29. Qe2 Bf7 30. fxg5 hxg5 31. Rxg5+ Kf8 32. Qe5 Rae6 33. Qc5+ Ke8 34. Bc6+ Qd7 35. Bxd7+ Kxd7 36. Rd5+ Rd6 37. Qa7+ Kc8 38. Rxd6 Rxd6 39. Qxf7 Rd2 40. Re8+ Rd8 41. Qe6+ Kc7 42. Re7+ Kb8 43. Qb6+ Kc8 44. Qc7# 1-0

[Event "19th IPCA WCC 2019"]
[Site "Ruzomberok"]
[Date "2019.06.29"]
[Round "2.15"]
[White "Spirka, Jan"]
[Black "Alekseev, Mikhail"]
[Result "0-1"]
[ECO "B12"]
[WhiteElo "1366"]
[BlackElo "1869"]
[Annotator "NA"]
[PlyCount "89"]
[EventDate "2019.06.28"]
[EventType "swiss"]
[EventCountry "SVK"]
[SourceTitle "playchess.com"]
[Source "ChessBase"]
[SourceQuality "1"]
[TimeControl "5400+30"]

1. e4 c6 2. d4 d5 3. e5 c5 4. Nf3 Nc6 5. Bb5 Bg4 6. O-O cxd4 7. h3 Bxf3 8. Qxf3 a6 9. Bxc6+ bxc6 10. Re1 e6 11. Nd2 c5 12. Nb3 Qb6 13. Bd2 c4 14. Na5 c3 15. Nc4 Qd8 16. bxc3 Rc8 17. Nd6+ Bxd6 18. exd6 Qxd6 19. cxd4 Nf6 20. Rab1 Ne4 21. Bf4 Qc6 22. Qd3 O-O 23. f3 Nc3 24. Rb2 Qc4 25. Qxc4 Rxc4 26. Bd6 Rfc8 27. Bc5 Na4 28. Rb4 R8xc5 29. dxc5 Rxb4 30. c6 Kf8 31. c7 Rc4 32. Rb1 Rxc7 33. Rb8+ Ke7 34. Ra8 Rxc2 35. Rxa6 Rxa2 36. Ra7+ Kf6 37. Kh2 Nc3 38. Rxa2 Nxa2 39. Kg3 Ke5 40. Kf2 d4 41. Ke2 h5 42. g3 h4 43. gxh4 Kf4 44. h5 Kg3 45. Kd3 0-1

[Event "19th IPCA WCC 2019"]
[Site "Ruzomberok"]
[Date "2019.06.29"]
[Round "2.16"]
[White "Belak, Stefan"]
[Black "Frumin, Rebeka"]
[Result "1-0"]
[ECO "A48"]
[WhiteElo "1851"]
[BlackElo "1398"]
[Annotator "NA"]
[PlyCount "93"]
[EventDate "2019.06.28"]
[EventType "swiss"]
[EventCountry "SVK"]
[SourceTitle "playchess.com"]
[Source "ChessBase"]
[SourceQuality "1"]
[TimeControl "5400+30"]

1. d4 Nf6 2. Nf3 g6 3. Bf4 Bg7 4. e3 d6 5. Be2 Nbd7 6. h3 b6 7. Nbd2 Bb7 8. O-O O-O 9. c3 c5 10. Re1 cxd4 11. exd4 Ne4 12. Qc2 Nxd2 13. Qxd2 Re8 14. Rad1 e5 15. dxe5 d5 16. Bb5 a6 17. Ba4 b5 18. Bb3 Nb6 19. Bg5 Qc7 20. Bf6 Nc4 21. Qd4 Nxb2 22. Rb1 Nc4 23. g4 Bxf6 24. exf6 Re4 25. Qd3 h6 26. Re2 Rae8 27. Rbe1 Qf4 28. Rxe4 Rxe4 29. Rxe4 Qxe4 30. Qxe4 dxe4 31. Bxc4 bxc4 32. Nd2 Bd5 33. Kf1 Kf8 34. Ke2 Ke8 35. Ke3 Kd7 36. Nxe4 Ke6 37. f4 a5 38. a3 Bc6 39. Kd4 Bd5 40. f5+ gxf5 41. gxf5+ Kxf5 42. Kxd5 h5 43. Ng3+ Kg5 44. Nxh5 Kxh5 45. Kd6 Kg6 46. Ke7 Kh6 47. Kxf7 1-0

[Event "19th IPCA WCC 2019"]
[Site "Ruzomberok"]
[Date "2019.06.29"]
[Round "2.17"]
[White "Pamarthi Audietya Aazadh"]
[Black "Matana, Zoran"]
[Result "0-1"]
[ECO "B54"]
[WhiteElo "1346"]
[BlackElo "1818"]
[Annotator "NA"]
[PlyCount "142"]
[EventDate "2019.06.28"]
[EventType "swiss"]
[EventCountry "SVK"]
[SourceTitle "playchess.com"]
[Source "ChessBase"]
[SourceQuality "1"]
[TimeControl "5400+30"]

1. e4 c5 2. Nf3 d6 3. d4 cxd4 4. Nxd4 a6 5. Nc3 b5 6. a3 Bb7 7. Be2 Nd7 8. O-O Ngf6 9. Bf3 Ne5 10. Re1 g6 11. Bf4 Nfd7 12. Qd2 Nc4 13. Qc1 Bg7 14. Nb3 O-O 15. Nd2 Qc7 16. Nxc4 Qxc4 17. Bh6 Ne5 18. Bxg7 Nxf3+ 19. gxf3 Kxg7 20. Qe3 Rac8 21. Rad1 Rfd8 22. Qd4+ f6 23. Rd2 Qxd4 24. Rxd4 Rc5 25. Red1 Rdc8 26. a4 Bc6 27. axb5 axb5 28. Ra1 Ra8 29. Rxa8 Bxa8 30. Rb4 Bc6 31. Kf1 e5 32. Ke2 Kh6 33. Kd3 f5 34. Ne2 Kg5 35. b3 d5 36. f4+ Kg4 37. exf5 Kxf5 38. fxe5 Kxe5 39. f4+ Kd6 40. Nd4 Bd7 41. c3 h6 42. Nf3 Rc8 43. Ne5 Be8 44. Nf3 Rc7 45. Rd4 Ke6 46. Nh4 Ra7 47. Ke3 Ra3 48. Rb4 Ra2 49. Nf3 Kd6 50. Nd4 Kc5 51. Ne6+ Kb6 52. c4 Ka5 53. Rxb5+ Bxb5 54. cxb5 Kxb5 55. Nf8 Kc5 56. Nxg6 Rxh2 57. Ne5 d4+ 58. Ke4 Re2+ 59. Kf5 Re3 60. Ng4 Rxb3 61. Nxh6 d3 62. Ng4 d2 63. Nf2 Kd4 64. Kg4 Rb1 65. f5 d1=Q+ 66. Nxd1 Rxd1 67. Kg5 Ke5 68. Kg6 Rg1+ 69. Kf7 Kxf5 70. Ke7 Rd1 71. Ke8 Kf6 0-1

[Event "19th IPCA WCC 2019"]
[Site "Ruzomberok"]
[Date "2019.06.29"]
[Round "2.18"]
[White "Roehrig, Uwe"]
[Black "Sovietova, Kateryna"]
[Result "1-0"]
[ECO "A20"]
[WhiteElo "1802"]
[BlackElo "1279"]
[Annotator "NA"]
[PlyCount "81"]
[EventDate "2019.06.28"]
[EventType "swiss"]
[EventCountry "SVK"]
[SourceTitle "playchess.com"]
[Source "ChessBase"]
[SourceQuality "1"]
[TimeControl "5400+30"]

1. c4 e5 2. g3 Nf6 3. Bg2 Be7 4. Nc3 O-O 5. e3 c6 6. Nge2 d6 7. O-O Be6 8. d3 Nbd7 9. f4 exf4 10. exf4 Nb6 11. h3 d5 12. f5 Bd7 13. Qb3 dxc4 14. dxc4 Re8 15. g4 h6 16. Bf4 Qc8 17. a3 Bd8 18. c5 Nbd5 19. Nxd5 Nxd5 20. Qd3 Nxf4 21. Nxf4 Bf6 22. Rad1 Re7 23. Nh5 Bxb2 24. Qd6 Qe8 25. f6 gxf6 26. Rxf6 Re1+ 27. Rf1 Rxf1+ 28. Rxf1 Qe3+ 29. Kh1 Be6 30. Qe7 Rb8 31. Rxf7 Bxf7 32. Qxe3 Rd8 33. Qxh6 Rd1+ 34. Kh2 Be5+ 35. Ng3 Rd3 36. Qg5+ Kf8 37. Qxe5 Rxa3 38. Nf5 a5 39. Qd6+ Kg8 40. Qh6 a4 41. Qg7# 1-0

[Event "19th IPCA WCC 2019"]
[Site "Ruzomberok"]
[Date "2019.06.29"]
[Round "2.19"]
[White "Angappan A"]
[Black "Kaydanovich, Marina"]
[Result "1/2-1/2"]
[ECO "C50"]
[WhiteElo "1267"]
[BlackElo "1760"]
[Annotator "NA"]
[PlyCount "117"]
[EventDate "2019.06.28"]
[EventType "swiss"]
[EventCountry "SVK"]
[SourceTitle "playchess.com"]
[Source "ChessBase"]
[SourceQuality "1"]
[TimeControl "5400+30"]

1. e4 e5 2. Nf3 Nc6 3. Bc4 Bc5 4. O-O Nf6 5. c3 Bb6 6. d4 d6 7. dxe5 dxe5 8. Qxd8+ Nxd8 9. Nxe5 Nxe4 10. Nd2 Nd6 11. Bb3 O-O 12. Ndc4 Nxc4 13. Bxc4 Ne6 14. Be3 Bxe3 15. fxe3 f6 16. Nd3 Kh8 17. Rad1 Ng5 18. Nf4 Bg4 19. Rd4 Bc8 20. h4 c5 21. Rd5 Ne4 22. Rfd1 Bg4 23. Be2 Bxe2 24. Nxe2 b6 25. Nf4 Rfe8 26. Rd7 Ng3 27. Kh2 Nf5 28. Nd5 Nxe3 29. Nxe3 Rxe3 30. Rd8+ Re8 31. Rxe8+ Rxe8 32. Rd7 Ra8 33. Kg3 Kg8 34. Kf4 Kf8 35. Kf5 a6 36. Rb7 b5 37. Rb6 c4 38. h5 Ra7 39. g3 Kf7 40. g4 g6+ 41. Kf4 Kg7 42. hxg6 hxg6 43. g5 f5 44. Rf6 Re7 45. Rxa6 Re4+ 46. Kf3 Rg4 47. Rb6 Rxg5 48. Rxb5 Rg1 49. a4 Kf6 50. Rc5 Rb1 51. Rxc4 Rxb2 52. a5 Ra2 53. Rc5 g5 54. Rc6+ Ke5 55. Rc5+ Ke6 56. Rc6+ Kd7 57. Rc5 Ke6 58. Rc6+ Kd7 59. Rc5 1/2-1/2

[Event "19th IPCA WCC 2019"]
[Site "Ruzomberok"]
[Date "2019.06.29"]
[Round "2.20"]
[White "Korber, Antonin"]
[Black "Wollner, Bohus"]
[Result "1-0"]
[ECO "D00"]
[WhiteElo "1759"]
[BlackElo "1222"]
[Annotator "NA"]
[PlyCount "21"]
[EventDate "2019.06.28"]
[EventType "swiss"]
[EventCountry "SVK"]
[SourceTitle "playchess.com"]
[Source "ChessBase"]
[SourceQuality "1"]
[TimeControl "5400+30"]

1. d4 d5 2. f4 f5 3. Nf3 Nc6 4. e3 Nf6 5. c3 e6 6. Be2 h6 7. Ne5 Bd7 8. Bh5+ Ke7 9. Ng6+ Kd6 10. Nxh8 Nxh5 11. Nf7+ 1-0

[Event "19th IPCA WCC 2019"]
[Site "Ruzomberok"]
[Date "2019.06.29"]
[Round "2.22"]
[White "Kostova, Erika"]
[Black "Felegyi, Karoly"]
[Result "0-1"]
[ECO "D04"]
[WhiteElo "1210"]
[BlackElo "1674"]
[Annotator "NA"]
[PlyCount "124"]
[EventDate "2019.06.28"]
[EventType "swiss"]
[EventCountry "SVK"]
[SourceTitle "playchess.com"]
[Source "ChessBase"]
[SourceQuality "1"]
[TimeControl "5400+30"]

1. d4 d5 2. e3 Nf6 3. Nf3 Bg4 4. Be2 Bxf3 5. Bxf3 e6 6. Nc3 Bb4 7. Bd2 Nbd7 8. Na4 Bxd2+ 9. Qxd2 b5 10. Nc3 c6 11. O-O O-O 12. a3 Nb6 13. b3 a5 14. Na2 Qd6 15. Nc1 a4 16. Qb4 Qxb4 17. axb4 a3 18. Ra2 Ra7 19. Nd3 Nfd7 20. Rfa1 Rfa8 21. Nc5 h6 22. c3 Nxc5 23. bxc5 Nd7 24. b4 f5 25. g4 g6 26. h3 Kf7 27. Kg2 Kf6 28. Kg3 e5 29. Be2 Nf8 30. f4 exf4+ 31. exf4 Re8 32. Bf3 Rea8 33. Re1 Re7 34. g5+ hxg5 35. fxg5+ Kf7 36. Rxe7+ Kxe7 37. h4 Ne6 38. Bd1 Kf7 39. Kf3 Ng7 40. Kf4 Ne6+ 41. Ke5 Ke7 42. h5 gxh5 43. Kxf5 h4 44. Kg4 h3 45. Kxh3 Nxg5+ 46. Kg4 Ne4 47. Bb3 Nxc3 48. Rc2 a2 49. Rxa2 Nxa2 50. Bxa2 Rxa2 51. Kf4 Kf6 52. Ke3 Kf5 53. Kd3 Ra3+ 54. Kc2 Ke4 55. Kd2 Rh3 56. Ke2 Rh2+ 57. Ke1 Kd3 58. Kf1 Ke3 59. Kg1 Ra2 60. Kf1 Rb2 61. Kg1 Kf3 62. Kh1 Kg3 0-1

[Event "19th IPCA WCC 2019"]
[Site "Ruzomberok"]
[Date "2019.06.30"]
[Round "3.1"]
[White "Yarmonov, Igor"]
[Black "Juvan, Jaka"]
[Result "1-0"]
[ECO "E32"]
[WhiteElo "2389"]
[BlackElo "2168"]
[Annotator "NA"]
[PlyCount "121"]
[EventDate "2019.06.28"]
[EventType "swiss"]
[EventCountry "SVK"]
[SourceTitle "playchess.com"]
[Source "ChessBase"]
[SourceQuality "1"]
[TimeControl "5400+30"]

1. d4 Nf6 2. c4 e6 3. Nc3 Bb4 4. Qc2 O-O 5. Nf3 c5 6. dxc5 Na6 7. e3 Nxc5 8. Bd2 b6 9. a3 Bxc3 10. Bxc3 Bb7 11. Be2 Rc8 12. O-O d5 13. Rfd1 Qe7 14. Rac1 Rfd8 15. Bxf6 Qxf6 16. cxd5 Nd7 17. Qb1 exd5 18. Nd4 Ne5 19. Qf5 Qxf5 20. Nxf5 Kf8 21. Rxc8 Bxc8 22. Nd4 Bb7 23. f4 Nc6 24. Nb5 Ba6 25. Rc1 Nb8 26. Kf2 Rd7 27. Nd4 g6 28. b4 Ke7 29. Bg4 f5 30. Be2 Bxe2 31. Kxe2 Kd8 32. Kd3 Rd6 33. h3 h5 34. Rg1 Nc6 35. g4 hxg4 36. hxg4 Ne7 37. gxf5 gxf5 38. Nb5 Rd7 39. Rg5 a5 40. bxa5 bxa5 41. Kd4 Rb7 42. Kc5 Kd7 43. Rh5 Rb8 44. a4 Re8 45. Rh7 Rb8 46. Nd4 Rc8+ 47. Kb5 Kd6 48. Kxa5 Kc5 49. Nb3+ Kc4 50. Rxe7 Kxb3 51. Kb5 Rb8+ 52. Kc5 Kxa4 53. Kxd5 Kb4 54. Ke6 Rf8 55. Rf7 Re8+ 56. Kxf5 Rxe3 57. Rc7 Kb5 58. Kf6 Rg3 59. f5 Rh3 60. Rc1 Rf3 61. Kg6 1-0

[Event "19th IPCA WCC 2019"]
[Site "Ruzomberok"]
[Date "2019.06.30"]
[Round "3.2"]
[White "Gurbanov, Andrei"]
[Black "Gedgafov, Chamal"]
[Result "1-0"]
[ECO "A48"]
[WhiteElo "2300"]
[BlackElo "2163"]
[Annotator "NA"]
[PlyCount "65"]
[EventDate "2019.06.28"]
[EventType "swiss"]
[EventCountry "SVK"]
[SourceTitle "playchess.com"]
[Source "ChessBase"]
[SourceQuality "1"]
[TimeControl "5400+30"]

1. d4 Nf6 2. Nf3 g6 3. Bf4 Bg7 4. e3 d6 5. h3 O-O 6. Bd3 b6 7. Nbd2 Nd5 8. Bh2 Nb4 9. Be2 Bf5 10. e4 Bc8 11. c3 N4a6 12. O-O Bb7 13. Re1 c5 14. d5 Nc7 15. a4 Nd7 16. Nc4 f5 17. exf5 gxf5 18. Ng5 Kh8 19. Bf3 Rf6 20. Ne6 Nxe6 21. dxe6 Bxf3 22. Qxf3 Nf8 23. Nxd6 Nxe6 24. Rxe6 exd6 25. Rxf6 Bxf6 26. Bxd6 Rc8 27. Qxf5 Rc6 28. Bg3 Qe7 29. Rd1 Re6 30. Kh2 Kg8 31. Rd8+ Kg7 32. Qg4+ Bg5 33. Rd5 1-0

[Event "19th IPCA WCC 2019"]
[Site "Ruzomberok"]
[Date "2019.06.30"]
[Round "3.3"]
[White "Jurkiewicz, Krzysztof"]
[Black "Palin, Denis"]
[Result "1/2-1/2"]
[ECO "D34"]
[WhiteElo "2275"]
[BlackElo "2180"]
[Annotator "NA"]
[PlyCount "129"]
[EventDate "2019.06.28"]
[EventType "swiss"]
[EventCountry "SVK"]
[SourceTitle "playchess.com"]
[Source "ChessBase"]
[SourceQuality "1"]
[TimeControl "5400+30"]

1. d4 e6 2. c4 d5 3. Nc3 c5 4. cxd5 exd5 5. Nf3 Nc6 6. g3 Nf6 7. Bg2 Be7 8. O-O O-O 9. Bg5 cxd4 10. Nxd4 h6 11. Be3 Re8 12. Rc1 Bf8 13. Nxc6 bxc6 14. Bd4 Bg4 15. h3 Be6 16. Kh2 Qd7 17. Na4 Ne4 18. Nc5 Bxc5 19. Bxc5 Qb7 20. Qd4 Qa6 21. e3 Qxa2 22. Ra1 Qb3 23. Rxa7 Qb5 24. b4 Qe2 25. Qe5 Rxa7 26. Bxa7 Nd2 27. Rc1 Qxf2 28. Qf4 Qxf4 29. gxf4 Ra8 30. Bd4 Nc4 31. Bf1 Nd2 32. Bg2 Rc8 33. Rc2 Nc4 34. Bf1 Bf5 35. Ra2 Nd6 36. h4 f6 37. Ra6 Rc7 38. Ra8+ Rc8 39. Ra6 Be4 40. Bh3 Bf5 41. Bf1 Rc7 42. Ra8+ Kh7 43. Ba6 Re7 44. Bc5 Rd7 45. Bc8 Rc7 46. Bxd6 Rxc8 47. Rxc8 Bxc8 48. Kg3 g5 49. fxg5 fxg5 50. hxg5 hxg5 51. Be7 Kg6 52. Bd8 Kf5 53. Be7 g4 54. Bc5 Ke4 55. Ba7 Kd3 56. Bb6 Kc4 57. Bc5 Kc3 58. Kf4 Kc4 59. Kg3 Kd3 60. Ba7 Kc3 61. Bc5 Kc4 62. Kf4 Kd3 63. Kg3 Ke2 64. Ba7 Bd7 65. Bb6 1/2-1/2